 Dungeon Crawl Stone Soup version 0.20.1-1-g8b1a95d (webtiles) character file.

2294 vineage the Basher (level 9, -2/56 HPs)
             Began as a Gargoyle Berserker on Nov 2, 2017.
             Was an Elder of Trog.
             Killed from afar by a quokka (10 damage)
             ... with an exploding inner flame
             ... hexed by the player character
             ... on level 7 of the Dungeon.
             The game lasted 00:10:32 (4792 turns).

vineage the Basher (Gargoyle Berserker)             Turns: 4792, Time: 00:10:32

Health: -2/56      AC: 18    Str: 23    XL:     9   Next: 40%
Magic:  9/9        EV:  9    Int:  9    God:    Trog [****..]
Gold:   339        SH:  0    Dex:  9    Spells: 8/8 levels left

rFire    . . .     SeeInvis .   h - +2 whip (elec)
rCold    + . .     Gourm    .   (no shield)
rNeg     + . .     Faith    .   s - +1 chain mail
rPois    ∞         Spirit   .   (no helmet)
rElec    +         Reflect  .   (no cloak)
rCorr    .         Harm     .   (no gloves)
MR       ++...                  (no boots)
Stlth    ..........             (no amulet)
Regen    1.2/turn               (no ring)
MPRegen  0.2/turn               (no ring)

@: berserk cooldown, very slightly contaminated, regenerating, slowed, very slow
A: molten scales 1, cold resistance 1, negative energy resistance 1, electricity
resistance, unbreathing, petrification resistance, no potion heal 1, rot
immunity, AC +5
a: Berserk, Trog's Hand, Brothers in Arms, Burn Spellbooks, Renounce Religion


You were on level 7 of the Dungeon.
You worshipped Trog.
Trog was greatly pleased with you.
You were very hungry.

You visited 1 branch of the dungeon, and saw 8 of its levels.

You collected 339 gold pieces.

Inventory:

Hand Weapons
 a - a +0 mace
 h - a +2 whip of electrocution (weapon)
Armour
 b - a +0 animal skin
 s - a +1 chain mail (worn)
Jewellery
 C - a +5 ring of strength {unknown}
Wands
 t - a wand of iceblast (9/15)
Scrolls
 k - 4 scrolls of remove curse
 v - 2 scrolls of recharging
 y - 5 scrolls of identify
Potions
 d - 3 potions of flight
 f - 3 potions of agility
 g - a potion of ambrosia
 o - 2 potions of magic {unknown}
 q - a potion of resistance
 r - 2 potions of curing {unknown}
 z - 4 potions of cancellation {unknown}
 A - a potion of heal wounds {unknown}
Books
 n - a book of Cantrips

   Spells                             Type                      Level
   a - Confusing Touch                Hexes                        1
   b - Animate Skeleton               Necromancy                   1
   c - Summon Small Mammal            Summoning                    1
   d - Apportation                    Translocation                1
   Trog disapproves of the use of such an item.
Comestibles
 c - 4 bread rations
 i - 4 meat rations
 j - 4 royal jellies
 l - 3 fruits


   Skills:
 + Level 6.8 Fighting
 + Level 9.3 Maces & Flails
 + Level 5.1 Armour
 + Level 4.1 Dodging
 - Level 1.7 Stealth


You had 8 spell levels left.
You didn't know any spells.

Dungeon Overview and Level Annotations

Branches:
Dungeon (8/15)
 Temple: D:4-7         Lair: D:8-11

Altars:
Ru
Xom


Innate Abilities, Weirdness & Mutations

You are resistant to torment.
Your stone body is resilient. (AC +5)
You are immune to poison.
You resist negative energy. (rN+)
You are resistant to electric shocks. (rElec)
You can survive without breathing.
You are immune to petrification.
You are immune to rotting.
You are partially covered in molten scales. (AC +2)
Your flesh is cold resistant. (rC+)
Potions are less effective at restoring your health.


Message History

The bullfrog hits you.
* * * LOW HITPOINT WARNING * * *
The phantom blinks!
The bullfrog hits you.
* * * LOW HITPOINT WARNING * * *
You whack the bullfrog!
The bullfrog is heavily wounded.
The centaur wields an uncursed shortbow.
The centaur shoots an arrow.
The arrow hits you but does no damage.
The bullfrog hits you but does no damage.
You barely miss the bullfrog.
The bullfrog is heavily wounded.
The bullfrog hits you.
* * * LOW HITPOINT WARNING * * *
The centaur shoots an arrow.
The arrow closely misses you.
The arrow hits the bullfrog!
The bullfrog explodes!
The fiery explosion engulfs the quokka.
The quokka explodes!
The fiery explosion engulfs you!
You die...

#########....÷..)).......
#...(..<........))##..##.
#.....^>.....####'##..#
#............##...##..#
##.....##.....#.c.....+
########.....#...##..#
#......#...##..#
#......#....#....(...#
#......#@§§.#........#
#.....##§§###..##[.%.#
#.....##§W###### ....#
##<..(#.o.o..o.# ...#
##....#......... ###
#.....#.§§.#....
#.....##.§§#####
#.....####(# #....o((o§(#


You could see a phantom, a centaur (inner flame), an orc priest (inner flame)
and an orc.

Vanquished Creatures
  The ghost of geeseburger the Skirmisher, an amateur GrFi (D:4)
  An orc warrior (D:6)
  A sky beast (D:5)
  2 ice beasts (D:6)
  4 ogres
  6 bullfrogs
  A wyvern skeleton (D:6)
  2 centaur zombies
  8 crimson imps
  A quasit (D:6)
  2 orc priests
  3 hounds
  5 orc wizards
  2 bullfrog skeletons (D:4)
  A worker ant (D:6)
  A hound zombie (D:6)
  A hound skeleton (D:7)
  2 howler monkey zombies
  8 adders
  2 shadow imps
  3 oozes
  An adder zombie (D:6)
  2 worms
  5 dart slugs
  5 leopard geckos
  24 orcs
  5 bats
  4 giant cockroaches
  7 goblins
  3 hobgoblins
  6 jackals
  5 quokkas
  A ball python (D:4)
  4 frilled lizards
  11 kobolds
  A leopard gecko zombie (D:6)
  A quokka zombie (D:5)
  8 rats
150 creatures vanquished.

Notes
Turn   | Place    | Note
-------+----------+-------------------------------------------
     0 | D:1      | vineage the Gargoyle Berserker began the quest for the Orb.
     0 | D:1      | Reached XP level 1. HP: 14/14 MP: 1/1
   238 | D:1      | Reached XP level 2. HP: 4/19 MP: 2/2
   669 | D:1      | Reached XP level 3. HP: 12/23 MP: 3/3
   994 | D:2      | Reached ** piety under Trog
  1215 | D:2      | Reached XP level 4. HP: 28/29 MP: 4/4
  1237 | D:2      | Reached skill level 4 in Maces & Flails
  1242 | D:2      | Gained mutation: Potions are less effective at restoring your health. [potion of mutation]
  1242 | D:2      | Gained mutation: Your flesh is cold resistant. (rC+) [potion of mutation]
  1242 | D:2      | Gained mutation: You are partially covered in molten scales. (AC +2) [potion of mutation]
  1587 | D:3      | You fall through a shaft for 2 floors!
  1587 | D:5      | Entered Level 5 of the Dungeon
  1587 | D:5      | Noticed a sky beast
  1636 | D:5      | Killed a sky beast
  1636 | D:5      | Reached skill level 1 in Stealth
  1636 | D:5      | Reached XP level 5. HP: 6/33 MP: 5/5
  2020 | D:5      | Found a sacrificial altar of Ru.
  2040 | D:5      | Reached XP level 6. HP: 37/38 MP: 6/6
  2044 | D:5      | Reached skill level 5 in Maces & Flails
  2520 | D:6      | Reached XP level 7. HP: 37/44 MP: 7/7
  2543 | D:6      | Reached skill level 6 in Maces & Flails
  2557 | D:6      | Reached skill level 5 in Fighting
  2672 | D:6      | Reached skill level 7 in Maces & Flails
  2672 | D:6      | Reached XP level 8. HP: 44/49 MP: 8/8
  2679 | D:6      | Reached *** piety under Trog
  2998 | D:6      | Reached skill level 8 in Maces & Flails
  3612 | D:4      | Found a shimmering altar of Xom.
  3625 | D:4      | Reached XP level 9. HP: 39/55 MP: 9/9
  3721 | D:4      | Reached **** piety under Trog
  3812 | D:4      | Reached skill level 9 in Maces & Flails
  3898 | D:4      | Noticed geeseburger's ghost (amateur GrFi)
  3942 | D:4      | Killed geeseburger's ghost
  4762 | D:7      | Reached skill level 5 in Armour
  4792 | D:7      | Killed from afar by a quokka

Skill      XL: |  1  2  3  4  5  6  7  8  9 |
---------------+----------------------------+-----
Maces & Flails | 4 5 7 8 9 |  9.3
Dodging        | 2 3 4 |  4.1
Fighting       | 4 5 6 |  6.8
Stealth        | 1 |  1.7
Armour         | 4 5 |  5.1

Action                   |  1- 3 |  4- 6 |  7- 9 || total
-------------------------+-------+-------+-------++-------
Melee: Mace              |    47 |       |       ||    47
       Whip              |    60 |   132 |   427 ||   619
Invok: Berserk           |       |     1 |     2 ||     3
       Trog's Hand       |       |     1 |     2 ||     3
  Use: Scroll            |       |     7 |     8 ||    15
       Potion            |       |     1 |       ||     1
  Eat: Chunk             |       |     5 |     8 ||    13
       Fruit             |       |     1 |     2 ||     3
Armor: Animal skin       |    43 |    31 |       ||    74
       Chain mail        |       |    18 |   233 ||   251
Dodge: Dodged            |    81 |    45 |   163 ||   289
